 Dungeon Crawl Stone Soup version 0.27-a0-1281-ge233d83751 (webtiles) character file.

Game seed: 18175908606568176267

114 inmateoo the Magician (level 5, -11/38 HPs)
             Began as a Djinni Venom Mage on June 13, 2021.
             Killed by divine providence
             ... invoked by an orc priest
              (13 damage)
             ... on level 3 of the Dungeon.
             The game lasted 00:04:05 (3792 turns).

inmateoo the Magician (Djinni Venom Mage)           Turns: 3792, Time: 00:04:05

Health: -11/38     AC:  3    Str:  7    XL:     5   Next: 18%
Gold:   67         EV: 12    Int: 18    God:
                   SH:  0    Dex: 13

rFire    + + .     SeeInvis .   e - +1 dagger (venom)
rCold    x . .     Faith    .   (no shield)
rNeg     . . .     Spirit   .   a - +0 robe
rPois    ∞         Reflect  .   g - +0 helmet
rElec    .         Harm     .   (no cloak)
rCorr    .         Rampage  .   (no gloves)
Will     .....                  (boots unavailable)
Stlth    ++........             (no amulet)
HPRegen  0.12/turn              (no ring)
MPRegen  0.00/turn              (no ring)

@: flying
A: sickness immunity, fire resistance 2, cold vulnerability 1, float, innate
caster, hp casting, extra vitality 1
a: no special abilities


You were on level 3 of the Dungeon.
You visited 1 branch of the dungeon, and saw 3 of its levels.

You collected 77 gold pieces.
You spent 10 gold pieces at shops.

Inventory:

Hand Weapons
 e - a +1 dagger of venom (weapon)
Armour
 a - a +0 robe (worn)
 g - a +0 helmet (worn)
Scrolls
 c - a scroll of silence {unknown}
 d - 2 scrolls of teleportation
Potions
 b - a potion of heal wounds
 f - a potion of attraction {unknown}
 h - a potion of magic {unknown}


   Skills:
 * Level 1.8 Fighting
 + Level 0.4 Short Blades
 + Level 2.8 Dodging
 + Level 2.1 Stealth
 + Level 3.4 Spellcasting


You couldn't memorise any spells.
You knew the following spells:

 Your Spells              Type           Power      Damage    Failure   Level
a - Sting                 Tmut/Pois      60%        1d6       3%          1
b - Poisonous Vapours     Pois/Air       30%        N/A       6%          2
c - Mephitic Cloud        Conj/Pois/Air  15%        N/A       12%         3
d - Ignite Poison         Fire/Tmut/Pois 15%        N/A       12%         3
e - Olgreb's Toxic Radia  Pois           15%        N/A       36%         4
f - Magic Dart            Conj           60%        1d6       3%          1
g - Searing Ray           Conj           30%        3d4       6%          2
Your spell library was empty.

Dungeon Overview and Level Annotations

Branches:
Dungeon (3/15)

Altars:
Ru
Yredelemnul

Shops:
D:1 !


Innate Abilities, Weirdness & Mutations

You are immune to sickness and miasma.
You are immune to poison.
Your flesh is very heat resistant. (rF++)
You are vulnerable to cold. (rC-)
You float through the air rather than walking.
You learn spells naturally, not from books.
Your magical power is your life essence.
You have superior vitality. (+4 HP)


Message History

There are monsters nearby!
An endoplasm and an orc come into view.
The endoplasm quivers.
You see here 12 gold pieces.
Found an escape hatch in the ceiling.
The orc priest mumbles some strange prayers to Beogh against you.
Beogh smites you!
Casting: Sting (safe; 3% risk of failure)
Confirm with . or Enter, or press ? or * to list all spells.
Aiming: Poisonous Vapours (safe; 6% risk of failure)
Press: ? - help, Dir - move target, f - orc priest
Aim: an orc priest, wielding a +0 hand axe Poisonous vapours surround the orc priest!
The orc priest is engulfed in poison gas.
The orc priest is poisoned.
Unknown command.
Casting: Poisonous Vapours (safe; 6% risk of failure)
Confirm with . or Enter, or press ? or * to list all spells.
Aiming: Poisonous Vapours (safe; 6% risk of failure)
Press: ? - help, Dir - move target, f/p - orc priest
Aim: an orc priest, wielding a +0 hand axe (lightly wounded, poisoned) Poisonous vapours surround the orc priest!
The orc priest is engulfed in poison gas.
The orc priest looks even sicker.
Casting: Poisonous Vapours (safe; 6% risk of failure)
Confirm with . or Enter, or press ? or * to list all spells.
Aiming: Poisonous Vapours (safe; 6% risk of failure)
Press: ? - help, Dir - move target, f/p - orc priest
Aim: an orc priest, wielding a +0 hand axe (heavily wounded, very poisoned) Poisonous vapours surround the orc priest!
The orc hits you with a +0 club.
The orc priest is engulfed in poison gas.
The orc priest looks even sicker.
The orc priest invokes the aid of Beogh against you.
Beogh smites you!
* * * LOW HITPOINT WARNING * * *
You hear a shout!
The orc priest calls down the wrath of Beogh upon you.
Beogh smites you!
You die...

###....## ##..<.....
##........#. ##########
#..........# #........#
#..........# #.#......#
#..........#. #.#
###..#####..........#.
#.#.#.....o.oJo...........
#.#.#....@#####....†......
#.....###..###.(..........
#.###.#...........)......#
#.#...#.....##....o......#
###.#.....###.##............
#.....###.#...##........$...
#.###.# ..#.....#...........
#.#...#.....###.##..........
###.#.....###.#[..###>###.....


You could see an orc priest (very poisoned), 2 orcs and an endoplasm.

Vanquished Creatures
  Robin (D:2)
  An adder (D:2)
  2 worms
  2 dart slugs
  2 orcs (D:3)
  6 endoplasms
  13 goblins
  6 hobgoblins
  5 jackals
  4 kobolds
  10 quokkas
  6 ball pythons
  3 bats (D:2)
  5 frilled lizards
  6 rats
72 creatures vanquished.

Notes
Turn   | Place    | Note
-------+----------+-------------------------------------------
     0 | D:1      | inmateoo the Djinni Venom Mage began the quest for the Orb.
     0 | D:1      | Reached XP level 1. HP: 15/15 MP: 0/0
   358 | D:1      | Reached XP level 2. HP: 20/22 MP: 0/0
   400 | D:1      | Found Banna's Distillery.
   409 | D:1      | Bought a potion of degeneration for 10 gold pieces
  1513 | D:1      | Reached XP level 3. HP: 25/26 MP: 0/0
  1513 | D:1      | Learned a level 1 spell: Magic Dart
  1675 | D:1      | Reached skill level 1 in Fighting
  1676 | D:1      | Reached skill level 3 in Spellcasting
  2086 | D:1      | Found a faded altar of an unknown god.
  2215 | D:2      | Reached XP level 4. HP: 19/32 MP: 0/0
  2876 | D:2      | Noticed Robin
  2913 | D:2      | Killed Robin
  3606 | D:3      | Found a basalt altar of Yredelemnul.
  3614 | D:3      | Reached XP level 5. HP: 35/38 MP: 0/0
  3614 | D:3      | Learned a level 2 spell: Searing Ray
  3657 | D:3      | Found a sacrificial altar of Ru.
  3791 | D:3      | HP: 1/38 [orc priest/divine providence (11)]
  3792 | D:3      | Killed from afar by an orc priest

Illustrated notes

Levels and vault maps discovered:
D:1:      minmay_arrival_stone_box, layout_loops_corners, serial_shops, shop,
          shapermc_ecumenical_altar_hornbeckon
D:2:      layout_rooms, uniq_robin
D:3:      layout_rooms, nicolae_wu_jian_wuxing_cycle, lemuel_tele_altar,
          old_standard_altar, gammafunk_ghost_necromancy,
          hangedman_decor_points, uniq_ijyb

Skill      XL: |  1  2  3  4 |
---------------+-------------+-----
Fighting       | 1 |  1.8
Spellcasting   | 3 |  3.4
Stealth        | 2 |  2.1
Short Blades   | |  0.4
Dodging        | |  2.8

Action                   |  1- 3 |  4- 6 || total
-------------------------+-------+-------++-------
Melee: Unarmed           |     2 |       ||     2
       Dagger            |    24 |    42 ||    66
 Cast: Sting             |    41 |    50 ||    91
       Poisonous Vapours |       |     3 ||     3
  Use: Scroll            |     3 |       ||     3
 Stab: Sleeping          |     2 |     2 ||     4
Armor: Robe              |    10 |    13 ||    23
Dodge: Dodged            |    22 |    62 ||    84

Table legend: (Time is in decaauts)
 A = Elapsed time spent in this place.
 B = Non-inter-level travel time spent in this place.
 C = Inter-level travel time spent in this place.
 D = Time resting spent in this place.
 E = Time spent auto-exploring this place.
 F = Levels seen in this place.
 G = Mean time per level.
                   A        B        C        D        E       F      G
               +--------+--------+--------+--------+--------+-----+--------+
         Total |   3794 |   3737 |     57 |   2121 |   1045 |   3 | 1264.7 |
       Dungeon |   3794 |   3737 |     57 |   2121 |   1045 |   3 | 1264.7 |
               +--------+--------+--------+--------+--------+-----+--------+

Top non-repeatable levels by time:
     D:1: 2715 daAuts
     D:2: 865 daAuts
     D:3: 213 daAuts
